[Event "Titled Tuesday Blitz November 08 Early 2022"]
[White "Al-Tarboush, Ward"]
[Black "Melikhov, Evgeny V."]
[WhiteFideId "7601450"]
[BlackFideId "4122046"]
[WhiteElo "2273"]
[BlackElo "2169"]
[Result "0-1"]
[Round "04"]
[TimeControl "180+1"]
[Date "2022.11.09"]
[WhiteClock "0:00:45"]
[BlackClock "0:00:20"]

1. e4 e5 2. Nf3 Nc6 3. Bb5 a6 4. Ba4 Nf6 5. O-O Nxe4 6. d4 b5 7. Bb3 d5 8. dxe5 Be6 9. Nbd2 Bc5 10. Nxe4 dxe4 11. Ng5 Qxd1 12. Rxd1 O-O 13. Nxe6 fxe6 14. Bxe6+ Kh8 15. Bd5 Rxf2 16. Kh1 Raf8 17. Bg5 Nxe5 18. Bxe4 Ng4 19. h3 Re2 20. hxg4 Rxe4 21. Rd5 Bd6 22. Rf5 Rfe8 23. Raf1 Rxg4 24. Bd2 h6 25. Bc3 Re2 26. R1f2 Rxf2 27. Rxf2 Rh4+ 28. Kg1 Bc5 29. Kf1 Bxf2 30. Kxf2 Kg8 31. Be5 c6 32. b3 Kf7 33. Kf3 g5 34. g3 Rh1 35. Ke4 Ke6 36. Bg7 h5 37. Bh6 h4 38. Kf3 h3 39. g4 h2 40. Kg2 Rg1+ 41. Kxh2 Rxg4 42. Bg7 Kf5 43. Bc3 Re4 44. Bg7 Re2+ 45. Kg3 Rxc2 46. a3 c5 47. Kf3 c4 48. bxc4 Rxc4 49. Ke3 g4 50. Bf8 Rc3+ 51. Kf2 Rb3 52. Kg2 a5 53. Bc5 b4 54. axb4 axb4 55. Be7 Rb2+ 56. Kg3 b3 57. Bf8 Rc2 58. Bg7 b2 59. Bxb2 Rxb2 60. Kh4 Rb3 0-1


[Site "https://www.chess.com"]

[Event "Titled Tuesday Blitz November 08 Early 2022"]
[White "Alhadad, Mahmoud"]
[Black "Moskvin, Anatoly"]
[WhiteFideId "11501863"]
[BlackFideId "24199990"]
[WhiteElo "1955"]
[BlackElo "2079"]
[Result "0-1"]
[Round "04"]
[TimeControl "180+1"]
[Date "2022.11.09"]
[WhiteClock "0:00:10"]
[BlackClock "0:00:20"]

1. e4 e5 2. d4 exd4 3. Bc4 Nc6 4. Nf3 Nf6 5. O-O Nxe4 6. Nc3 Nxc3 7. bxc3 Be7 8. cxd4 d5 9. Bb5 O-O 10. Bxc6 bxc6 11. Ne5 Bf6 12. Qf3 c5 13. Ba3 cxd4 14. Bxf8 Kxf8 15. Qa3+ Qe7 16. Qxe7+ Kxe7 17. Rfe1 Be6 18. f4 Kd6 19. h3 g5 20. Nd3 c5 21. Kf2 c4 22. fxg5 Bxg5 23. Nb4 a5 24. a3 Bd2 25. Red1 Bc3 26. Rab1 axb4 27. axb4 Rb8 28. b5 Bf5 29. Rdc1 Kc5 30. b6 Rxb6 31. Rxb6 Kxb6 32. g4 Be4 33. Kg3 Kc5 34. Kf4 Bd2+ 35. Ke5 Bxc1 36. h4 Bxc2 37. g5 d3 38. Kf6 d2 39. Kg7 d1=Q 40. Kh8 Bb2+ 41. Kg8 Qh5 42. g6 Qxg6+ 43. Kf8 Qe6 44. h5 f5 45. h6 Qxh6+ 46. Kg8 Ba3 47. Kf7 Kd4 48. Ke8 Ke5 49. Kd7 f4 50. Kc7 Bf5 51. Kd8 Qg7 52. Ke8 Qe7# 0-1


[Site "https://www.chess.com"]

[Event "Titled Tuesday Blitz November 08 Early 2022"]
[White "Andreikin, Dmitry"]
[Black "Pultinevicius, Paulius"]
[WhiteFideId "4158814"]
[BlackFideId "12809390"]
[WhiteElo "2736"]
[BlackElo "2493"]
[Result "1-0"]
[Round "04"]
[TimeControl "180+1"]
[Date "2022.11.08"]
[WhiteClock "0:01:09"]
[BlackClock "0:00:03"]

1. e4 c6 2. Nf3 d5 3. d3 Qc7 4. g3 dxe4 5. dxe4 e5 6. Bg2 Nf6 7. O-O Be6 8. Ng5 Bc4 9. Re1 h6 10. Nd2 Ba6 11. Ngf3 Nbd7 12. b3 Bc5 13. c4 Rd8 14. Bb2 O-O 15. Nh4 Rfe8 16. a3 Qb6 17. Qe2 Nf8 18. Rad1 Ne6 19. Nf5 Rd7 20. Qf3 Red8 21. Nxh6+ gxh6 22. Qxf6 Rxd2 23. Bxe5 Kf8 24. Qh8+ Ke7 25. Bf6+ Kd7 26. Rxd2+ Bd4 27. Bxd4 Rxh8 28. Bxb6+ Kc8 29. Bxa7 1-0


[Site "https://www.chess.com"]

[Event "Titled Tuesday Blitz November 08 Early 2022"]
[White "Anton Guijarro, David"]
[Black "Durarbayli, Vasif"]
[WhiteFideId "2285525"]
[BlackFideId "13402935"]
[WhiteElo "2579"]
[BlackElo "2586"]
[Result "0-1"]
[Round "04"]
[TimeControl "180+1"]
[Date "2022.11.08"]
[WhiteClock "0:00:04"]
[BlackClock "0:00:07"]

1. e4 c5 2. Nc3 d6 3. f4 g6 4. Nf3 Bg7 5. Bb5+ Bd7 6. Bc4 Nc6 7. d3 Na5 8. Bd2 e6 9. e5 d5 10. Bb5 Ne7 11. d4 cxd4 12. Nxd4 O-O 13. Bxd7 Qxd7 14. b3 Nac6 15. Nce2 g5 16. fxg5 Nxe5 17. O-O Rac8 18. c3 N7g6 19. Ng3 Nc6 20. Be3 Nxd4 21. Bxd4 e5 22. Bxa7 Rxc3 23. Nh5 d4 24. b4 Qd5 25. Rf2 Rd8 26. Bb6 Rd6 27. Bc5 Re6 28. Nf6+ Bxf6 29. gxf6 b6 30. Rc1 Rxc1 31. Qxc1 bxc5 32. Qh6 Rxf6 33. Rxf6 d3 34. Rf1 cxb4 35. Qe3 Nf4 36. Rf2 f6 37. h4 Qc4 38. Kh2 Kf7 39. Qf3 Nd5 40. Qh5+ Ke6 41. Qe8+ Kd6 42. Qd8+ Kc5 43. Qc8+ Kd4 44. Qg4+ e4 45. Qg3 Qc7 46. Qxc7 Nxc7 47. Rxf6 d2 48. Rc6 d1=Q 49. Rxc7 Qg4 50. Rxh7 e3 51. g3 Qe2+ 52. Kh3 Qf1+ 53. Kg4 e2 54. Rd7+ Kc3 55. Re7 e1=Q 0-1


[Site "https://www.chess.com"]

[Event "Titled Tuesday Blitz November 08 Early 2022"]
[White "Antonova, Nadezhda"]
[Black "Howell, David W L"]
[WhiteFideId "14700182"]
[BlackFideId "410608"]
[WhiteElo "1813"]
[BlackElo "2567"]
[Result "0-1"]
[Round "04"]
[TimeControl "180+1"]
[Date "2022.11.09"]
[WhiteClock "0:00:25"]
[BlackClock "0:00:23"]

1. Nf3 b5 2. g3 Bb7 3. Bg2 Nf6 4. O-O e6 5. d3 d5 6. b3 c5 7. c4 dxc4 8. dxc4 Qxd1 9. Rxd1 b4 10. a3 Nbd7 11. axb4 cxb4 12. Be3 Bc5 13. Bxc5 Nxc5 14. Nbd2 a5 15. Nd4 Bxg2 16. Kxg2 Ra6 17. Nb5 Ke7 18. Rdb1 Rc8 19. Rb2 Nfd7 20. Rba2 Nb7 21. Ra4 Ndc5 22. R4a2 g5 23. h3 f5 24. Kf1 Kf6 25. Ke1 h5 26. Kd1 g4 27. h4 Rd8 28. Kc2 Rd7 29. f3 Rxd2+ 30. Kxd2 Nxb3+ 31. Kd3 Nxa1 32. Rxa1 Nc5+ 33. Kd4 Nb3+ 0-1


[Site "https://www.chess.com"]

[Event "Titled Tuesday Blitz November 08 Early 2022"]
[White "Aqib Javaid Butt"]
[Black "Tohirjonova, Hulkar"]
[WhiteFideId "7801262"]
[BlackFideId "14202247"]
[WhiteElo "1659"]
[BlackElo "2144"]
[Result "0-1"]
[Round "04"]
[TimeControl "180+1"]
[Date "2022.11.09"]
[WhiteClock "0:00:02"]
[BlackClock "0:00:11"]

1. c4 e5 2. g3 g6 3. Bg2 Bg7 4. Nc3 Nc6 5. d3 d6 6. Nf3 f5 7. O-O Nf6 8. Rb1 O-O 9. b4 Ne7 10. Bb2 h6 11. Nd2 Rb8 12. a4 Be6 13. f4 g5 14. fxe5 dxe5 15. Nb3 Ng4 16. Qd2 b6 17. h3 Nf6 18. Nb5 a6 19. Nc3 Qd7 20. Nd1 Nh5 21. Kh2 Rbd8 22. Qe3 f4 23. gxf4 gxf4 24. Qg1 Ng3 25. Re1 Nef5 26. Nd2 Bf6 27. Ne4 Bh4 28. Bxe5 Kh7 29. Ndf2 Ne3 30. Bf3 Rg8 31. Ng4 Bxg4 32. Bxg4 Nxg4+ 33. hxg4 Qxg4 34. Qg2 Qh5 35. Qh3 Qxe5 36. Qxh4 Rg6 37. Rg1 Rdg8 38. Nxg3 fxg3+ 39. Kh3 Qe6+ 40. Kg2 Qxe2+ 41. Kh1 Rg4 42. Qh3 R4g5 43. Rbe1 Qf3+ 0-1


[Site "https://www.chess.com"]

[Event "Titled Tuesday Blitz November 08 Early 2022"]
[White "Artemenko, Oleg"]
[Black "Kowalczyk, Pawel"]
[WhiteFideId "14201798"]
[BlackFideId "1130641"]
[WhiteElo "2287"]
[BlackElo "2324"]
[Result "1-0"]
[Round "04"]
[TimeControl "180+1"]
[Date "2022.11.08"]
[WhiteClock "0:00:20"]
[BlackClock "0:00:12"]

1. d4 Nf6 2. Nc3 d5 3. Bf4 c6 4. e3 g6 5. h4 h5 6. Nf3 Bg7 7. Be2 Bg4 8. Ne5 Bxe2 9. Qxe2 Nfd7 10. O-O-O Nxe5 11. dxe5 Nd7 12. e4 e6 13. exd5 cxd5 14. Nxd5 exd5 15. Rxd5 Qb6 16. Rhd1 Nf8 17. Rd6 Qb4 18. R1d4 Qa5 19. Bd2 Bh6 20. f4 Qc5 21. b4 Qc8 22. Qb5+ Ke7 23. Rc4 Qb8 24. Kb1 a6 25. Qd5 b5 26. Rcc6 Ra7 27. f5 Bxd2 28. f6+ Ke8 29. Qxd2 Rd7 30. Qd5 Rxd6 31. Rxd6 Qc8 32. Rc6 Qd7 33. Qc5 Ne6 34. Rc8+ Nd8 35. Rc7 Qd1+ 36. Kb2 Qd7 37. Rxd7 Kxd7 38. Qd6+ Kc8 39. Qxa6+ Kc7 40. Qxb5 Nc6 41. Qc5 Rb8 42. c3 Rd8 43. b5 Kb7 44. Qxc6+ 1-0


[Site "https://www.chess.com"]

[Event "Titled Tuesday Blitz November 08 Early 2022"]
[White "Artemiev, Vladislav"]
[Black "Molina, Roberto Junio Brito"]
[WhiteFideId "24101605"]
[BlackFideId "2109450"]
[WhiteElo "2802"]
[BlackElo "2388"]
[Result "1-0"]
[Round "04"]
[TimeControl "180+1"]
[Date "2022.11.08"]
[WhiteClock "0:00:21"]
[BlackClock "0:01:11"]

1. Nf3 d5 2. e3 c6 3. c4 Nf6 4. Nc3 a6 5. h3 Bf5 6. b3 h6 7. Ba3 Nbd7 8. Be2 e6 9. Bxf8 Nxf8 10. b4 N8d7 11. O-O O-O 12. Qb3 Qe7 13. Rfc1 Rfe8 14. a4 Ne4 15. d3 Nxc3 16. Qxc3 dxc4 17. Qxc4 e5 18. b5 axb5 19. axb5 c5 20. Rxa8 Rxa8 21. Qd5 Rb8 22. Nd2 Be6 23. Qe4 b6 24. Ra1 Qd6 25. Nc4 Qd5 26. Qxd5 Bxd5 27. Nd6 Ra8 28. Rxa8+ Bxa8 29. Bg4 Nf6 30. Nc4 h5 31. Nxb6 Bxg2 32. Kxg2 hxg4 33. hxg4 Kf8 34. g5 Ne8 35. Nd7+ Ke7 36. Nxe5 Nd6 37. b6 f6 38. gxf6+ gxf6 39. Nc4 1-0


[Site "https://www.chess.com"]

[Event "Titled Tuesday Blitz November 08 Early 2022"]
[White "Aung Thant Zin"]
[Black "Darini, Pouria"]
[WhiteFideId "13000063"]
[BlackFideId "12502200"]
[WhiteElo "2278"]
[BlackElo "2483"]
[Result "0-1"]
[Round "04"]
[TimeControl "180+1"]
[Date "2022.11.09"]
[WhiteClock "0:00:19"]
[BlackClock "0:00:07"]

1. e4 c5 2. Nf3 Nc6 3. Bb5 e6 4. O-O Nge7 5. b3 a6 6. Bxc6 Nxc6 7. Bb2 b5 8. d4 cxd4 9. Nxd4 Bb7 10. Re1 Qb6 11. c3 Bc5 12. Na3 O-O 13. Nac2 Rad8 14. Qd2 Qc7 15. Ne3 Ne7 16. Nf1 Ng6 17. Rac1 d5 18. e5 Nxe5 19. Ng3 Ng6 20. Nh5 Bc8 21. c4 e5 22. cxd5 exd4 23. b4 Rxd5 24. bxc5 Rxh5 25. Qxd4 f6 26. c6 Qxh2+ 27. Kf1 Nf4 28. f3 Qxg2# 0-1


[Site "https://www.chess.com"]

[Event "Titled Tuesday Blitz November 08 Early 2022"]
[White "Bacrot, Etienne"]
[Black "Ibarra Jerez, Jose Carlos"]
[WhiteFideId "605506"]
[BlackFideId "2226332"]
[WhiteElo "2666"]
[BlackElo "2638"]
[Result "1/2-1/2"]
[Round "04"]
[TimeControl "180+1"]
[Date "2022.11.08"]
[WhiteClock "0:00:25"]
[BlackClock "0:00:35"]

1. e4 c5 2. Nf3 e6 3. d4 cxd4 4. Nxd4 Bc5 5. Nb3 Bb6 6. Nc3 Ne7 7. Nb5 d5 8. exd5 exd5 9. N5d4 Nbc6 10. Be3 O-O 11. Bd3 Ng6 12. Qh5 Nce5 13. Bxg6 Nxg6 14. O-O-O Re8 15. Kb1 Re5 16. Qf3 Re4 17. h3 Ne5 18. Qg3 Nc4 19. Rhe1 Bd7 20. Bg5 Qf8 21. f3 Rxe1 22. Rxe1 a5 23. Be7 Qc8 24. Bf6 Qf8 25. Be7 Qc8 26. Bf6 Qf8 27. Be7 1/2-1/2


[Site "https://www.chess.com"]

[Event "Titled Tuesday Blitz November 08 Early 2022"]
[White "Bagrationi, Alexander"]
[Black "Storey, Charles H"]
[WhiteFideId "14104954"]
[BlackFideId "406686"]
[WhiteElo "2398"]
[BlackElo "2252"]
[Result "0-1"]
[Round "04"]
[TimeControl "180+1"]
[Date "2022.11.09"]
[WhiteClock "0:00:02"]
[BlackClock "0:00:11"]

1. e4 g6 2. d4 Bg7 3. Nc3 c5 4. d5 d6 5. Nge2 Nf6 6. g3 h5 7. Bg2 h4 8. O-O a6 9. a4 Nbd7 10. gxh4 Rxh4 11. Bg5 Rh5 12. f4 Nh7 13. Ng3 Rxg5 14. fxg5 Nxg5 15. h4 Bd4+ 16. Kh1 Nh7 17. h5 Ne5 18. hxg6 fxg6 19. Nce2 e6 20. Nxd4 Qh4+ 21. Kg1 cxd4 22. Ra3 Ng4 23. Rf4 e5 24. Rxg4 Bxg4 25. Qe1 Ng5 26. Qf2 O-O-O 27. Nf1 Qh6 28. Rg3 Rf8 29. Qd2 Rf4 30. c3 Kc7 31. cxd4 Nh3+ 32. Bxh3 Rxf1+ 33. Bxf1 Qxd2 34. Rxg4 Qxd4+ 35. Kg2 Qxb2+ 36. Kg3 Qd4 37. Bg2 Kb6 38. Rxg6 Qxa4 39. Rxd6+ Kc5 40. Re6 Qd7 41. Bh3 Qg7+ 42. Bg4 a5 43. d6 Kd4 44. Re7 Qg5 45. Rxb7 Qf4+ 46. Kh4 Qh6+ 47. Kg3 Ke3 48. d7 Qf4+ 49. Kh4 Qf6+ 50. Kh5 Kf4 51. Rb6 Qg5# 0-1


[Site "https://www.chess.com"]

[Event "Titled Tuesday Blitz November 08 Early 2022"]
[White "Bagwe Gaurang"]
[Black "Urazayev, Arystanbek"]
[WhiteFideId "45039895"]
[BlackFideId "13709810"]
[WhiteElo "1847"]
[BlackElo "2441"]
[Result "0-1"]
[Round "04"]
[TimeControl "180+1"]
[Date "2022.11.08"]
[WhiteClock "0:00:02"]
[BlackClock "0:00:38"]

1. e4 c6 2. d4 d5 3. exd5 cxd5 4. c4 Nf6 5. Nc3 g6 6. Qb3 Bg7 7. cxd5 O-O 8. Be2 a5 9. h3 a4 10. Nxa4 Nxd5 11. Nc3 Be6 12. Nf3 Nc6 13. Qd1 Qb6 14. O-O Nxd4 15. Nxd4 Bxd4 16. Nxd5 Bxd5 17. Be3 Bxe3 18. Qxd5 Qxb2 19. Bc4 Bxf2+ 20. Kh1 e6 21. Qf3 Bc5 22. Rab1 Qd4 23. Bb3 b6 24. Rbd1 Qe5 25. Rd7 Bd6 26. Kg1 Qh2+ 27. Kf2 Rad8 28. Rxd8 Rxd8 29. Ke2 Qe5+ 30. Qe3 Qh5+ 31. Qf3 Qe5+ 32. Qe3 Qb2+ 33. Qd2 Qxd2+ 34. Kxd2 Kg7 35. Kc3 h5 36. Kc4 Bc5 37. Kc3 h4 38. Rf4 g5 39. Ra4 Rd6 40. Ra7 Kg6 41. Ra8 f5 42. Rg8+ Kf6 43. Kc2 Be3 44. Bc4 Rd2+ 45. Kb3 Rxg2 46. Re8 Ke5 47. Bxe6 Rg3 48. Bd7+ Kf6 49. Kc4 Rxh3 50. Rf8+ Ke7 51. Bxf5 Rf3 0-1


[Site "https://www.chess.com"]

[Event "Titled Tuesday Blitz November 08 Early 2022"]
[White "Balkum, Alexander"]
[Black "Lopez Martinez, Josep Manuel"]
[WhiteFideId "2005069"]
[BlackFideId "2212943"]
[WhiteElo "2361"]
[BlackElo "2471"]
[Result "0-1"]
[Round "04"]
[TimeControl "180+1"]
[Date "2022.11.09"]
[WhiteClock "0:00:11"]
[BlackClock "0:01:53"]

1. e4 c6 2. d4 d5 3. Nc3 dxe4 4. Nxe4 Nf6 5. Nxf6+ gxf6 6. c3 Bf5 7. Nf3 e6 8. g3 Be4 9. Bg2 h5 10. O-O Qd5 11. c4 Qa5 12. Bd2 Bb4 13. Qe2 Bxf3 14. Qxf3 Bxd2 15. Qxf6 Rg8 16. d5 Nd7 17. Qh4 Bg5 18. Qxh5 cxd5 19. cxd5 Nf6 20. Qf3 Nxd5 21. Rfe1 Be7 22. Rac1 Rd8 23. h4 Qxa2 24. h5 Qxb2 25. Rb1 Qf6 26. Qb3 Kf8 27. Qxb7 Bc5 28. Re2 Rxg3 0-1


[Site "https://www.chess.com"]

[Event "Titled Tuesday Blitz November 08 Early 2022"]
[White "Barbashin, Igor"]
[Black "Guliev, Logman"]
[WhiteFideId "4155718"]
[BlackFideId "13400061"]
[WhiteElo "2138"]
[BlackElo "2161"]
[Result "0-1"]
[Round "04"]
[TimeControl "180+1"]
[Date "2022.11.09"]
[WhiteClock "0:00:01"]
[BlackClock "0:00:06"]

1. d4 Nf6 2. c4 g6 3. Nc3 Bg7 4. e4 d6 5. Nf3 O-O 6. Be2 e5 7. O-O Nc6 8. dxe5 Nxe5 9. Nd4 Re8 10. Re1 Bd7 11. Bf1 a6 12. f3 h5 13. Be3 h4 14. h3 Nh5 15. Qd2 Ng3 16. Bg5 Bf6 17. Bxf6 Qxf6 18. Nd5 Qd8 19. f4 Nxf1 20. Kxf1 Nxc4 21. Qc3 Nb6 22. Nxb6 cxb6 23. Nf3 Bc6 24. Qd4 Qe7 25. Rad1 Rad8 26. Kg1 Qe6 27. Ng5 Qxa2 28. Qf6 Rf8 29. Nf3 Qe6 30. Qxh4 f6 31. Qg3 Kg7 32. Nd4 Qc4 33. f5 g5 34. Ne6+ Kf7 35. h4 Rg8 36. hxg5 Bxe4 37. Nxd8+ Rxd8 38. g6+ Kg7 39. Rxd6 Qc5+ 40. Qe3 Qxd6 41. Qxe4 Qc5+ 42. Kh2 Rh8+ 43. Kg3 Qd6+ 0-1


[Site "https://www.chess.com"]

[Event "Titled Tuesday Blitz November 08 Early 2022"]
[White "Baskakov, Egor"]
[Black "Bluebaum, Matthias"]
[WhiteFideId "24197866"]
[BlackFideId "24651516"]
[WhiteElo "2211"]
[BlackElo "2633"]
[Result "1-0"]
[Round "04"]
[TimeControl "180+1"]
[Date "2022.11.08"]
[WhiteClock "0:00:26"]
[BlackClock "0:00:32"]

1. c4 e6 2. Nc3 d5 3. d4 Nf6 4. cxd5 exd5 5. g3 c6 6. Bg2 Bf5 7. Nf3 Nbd7 8. Nh4 Be6 9. O-O Be7 10. f3 Nh5 11. e4 Bxh4 12. gxh4 Qxh4 13. exd5 cxd5 14. f4 g6 15. f5 gxf5 16. Nxd5 Bxd5 17. Bxd5 Rg8+ 18. Bg2 Rxg2+ 19. Kxg2 O-O-O 20. Qc2+ Kb8 21. Qxf5 Rg8+ 22. Kf3 Qxd4 23. Qxh5 Ka8 24. Bf4 Qd3+ 25. Kf2 Qc2+ 26. Qe2 Rg2+ 27. Kxg2 Qxe2+ 28. Kg1 a5 29. Rae1 Qxb2 30. Re8+ Ka7 31. Be3+ Ka6 32. Re7 Ne5 33. Rf6+ Nc6 34. Rxc6+ bxc6 35. Ra7+ Kb5 36. Rb7+ Ka4 37. Rxb2 c5 38. Bxc5 f5 39. Rf2 f4 40. Rxf4+ Kb5 41. Bf8 h5 42. a3 h4 43. Rxh4 Kc6 44. Ra4 Kb7 45. Rxa5 Kb6 46. Rd5 Kc6 47. Rd1 Kb7 48. h4 Ka6 49. h5 Ka5 50. h6 Ka4 51. h7 Kb3 52. h8=Q Ka2 53. Qh2+ Kb3 54. Rb1+ Ka4 55. Qf4+ Ka5 56. Qf5+ Ka6 57. Qe6+ Ka7 58. Bc5+ Ka8 59. Qd5# 1-0


[Site "https://www.chess.com"]

[Event "Titled Tuesday Blitz November 08 Early 2022"]
[White "Beerdsen, Thomas"]
[Black "Przybylski, Wojciech"]
[WhiteFideId "1030108"]
[BlackFideId "1117599"]
[WhiteElo "2804"]
[BlackElo "2553"]
[Result "1-0"]
[Round "04"]
[TimeControl "180+1"]
[Date "2022.11.09"]
[WhiteClock "0:00:05"]
[BlackClock "0:00:01"]

1. g4 Nc6 2. Bg2 e5 3. c4 Bc5 4. Nc3 d6 5. e3 Be6 6. d3 Qd7 7. h3 Nge7 8. a3 a6 9. Rb1 d5 10. cxd5 Nxd5 11. Nge2 Rd8 12. Ne4 Be7 13. N2g3 O-O 14. Qf3 Nb6 15. Bf1 Qd5 16. Ra1 Na5 17. Bd2 Nb3 18. Rd1 Nxd2 19. Rxd2 Qa5 20. Nf5 Bxf5 21. gxf5 Nd5 22. Rg1 Nf6 23. Qg2 g6 24. Be2 Nxe4 25. Qxe4 Qd5 26. Qxd5 Rxd5 27. Bf3 Rb5 28. Ke2 a5 29. Be4 Kg7 30. Rc2 c6 31. Rg4 Kf6 32. fxg6 hxg6 33. f4 exf4 34. Rxf4+ Ke6 35. d4 Rh5 36. Bf3 Rh4 37. d5+ cxd5 38. Rxh4 Bxh4 39. Rc5 Rd8 40. Rxa5 Bf6 41. Rb5 d4 42. Bg4+ Kd6 43. e4 Rb8 44. Rd5+ Ke7 45. e5 Bg7 46. Rd7+ Ke8 47. e6 d3+ 48. Kxd3 Bxb2 49. exf7+ Kf8 50. a4 Ba3 51. Be6 Be7 52. Ke4 Ra8 53. Rxb7 Rxa4+ 54. Ke5 Ra5+ 55. Bd5 Ra8 56. Ke6 Ra6+ 57. Ke5 Bf6+ 58. Ke4 Ra8 59. Kf4 Rd8 60. Bb3 Rd4+ 61. Kf3 Rd8 62. Ke2 Rc8 63. Kd3 Rd8+ 64. Ke4 Rd4+ 65. Ke3 Rd8 66. Bc4 Rc8 67. Be6 Rd8 68. Kf3 Ra8 69. Bb3 Rd8 70. Bc2 Rc8 71. Bxg6 Kg7 72. f8=Q+ Kxf8 73. Rf7+ Kg8 74. Rxf6 Ra8 75. Kg4 Ra4+ 76. Kg5 Ra8 77. h4 Rf8 78. Ra6 Rb8 79. Bf5 Kh8 80. Ra7 Rg8+ 81. Kh6 Re8 82. Rh7+ Kg8 83. Bd3 Re6+ 84. Kg5 Re5+ 85. Kf6 Re3 86. Bf5 Rf3 87. Rd7 1-0


[Site "https://www.chess.com"]

[Event "Titled Tuesday Blitz November 08 Early 2022"]
[White "Begunov, Konstantin"]
[Black "Zainullina, Nataliya"]
[WhiteFideId "4118510"]
[BlackFideId "4145488"]
[WhiteElo "2140"]
[BlackElo "2096"]
[Result "1-0"]
[Round "04"]
[TimeControl "180+1"]
[Date "2022.11.09"]
[WhiteClock "0:00:35"]
[BlackClock "0:00:20"]

1. d4 Nf6 2. c4 g6 3. f3 Bg7 4. e4 d6 5. Nc3 O-O 6. Be3 e5 7. Nge2 exd4 8. Nxd4 Nc6 9. Qd2 Nxd4 10. Bxd4 c6 11. Be2 d5 12. exd5 cxd5 13. c5 Bf5 14. O-O h5 15. Rfd1 Be6 16. Nb5 b6 17. Rac1 bxc5 18. Bxc5 Re8 19. Bd4 Re7 20. Qf4 Rd7 21. Nc7 Rc8 22. Nxe6 fxe6 23. Rxc8 Qxc8 24. Bxf6 1-0


[Site "https://www.chess.com"]

[Event "Titled Tuesday Blitz November 08 Early 2022"]
[White "Berdychevskaya, Natasha"]
[Black "Gireman, Ja"]
[WhiteFideId "4159322"]
[BlackFideId "5043794"]
[WhiteElo "2108"]
[BlackElo "2153"]
[Result "1-0"]
[Round "04"]
[TimeControl "180+1"]
[Date "2022.11.09"]
[WhiteClock "0:00:11"]
[BlackClock "0:00:15"]

1. d4 Nf6 2. c4 g6 3. Nc3 d5 4. cxd5 Nxd5 5. Bd2 Bg7 6. e4 Nxc3 7. Bxc3 O-O 8. Nf3 c5 9. d5 e6 10. d6 Nc6 11. e5 a6 12. Be2 b5 13. b3 Bb7 14. O-O Qb6 15. Rc1 Nb4 16. Qd2 Nd5 17. Bb2 f6 18. exf6 Bxf6 19. Bxf6 Rxf6 20. Ne5 Qxd6 21. Qb2 Rf5 22. Ng4 Qf8 23. Bd3 Rg5 24. f3 Nf4 25. Nf6+ Kf7 26. Nxh7 Qe7 27. Nxg5+ Qxg5 28. Be4 Bd5 29. Rxc5 Qe7 30. Rcc1 Qa7+ 31. Qf2 Qe7 32. Qe3 g5 33. g3 Nh3+ 34. Kg2 Rh8 35. Bxd5 exd5 36. Qxe7+ Kxe7 37. Rc6 g4 38. f4 Ng5 39. fxg5 1-0


[Site "https://www.chess.com"]

[Event "Titled Tuesday Blitz November 08 Early 2022"]
[White "Bernat, David"]
[Black "Ristic, Nebojsa B"]
[WhiteFideId "2099225"]
[BlackFideId "935468"]
[WhiteElo "2321"]
[BlackElo "2320"]
[Result "1-0"]
[Round "04"]
[TimeControl "180+1"]
[Date "2022.11.09"]
[WhiteClock "0:01:05"]
[BlackClock "0:00:52"]

1. c4 Nf6 2. Nc3 g6 3. e4 d6 4. g3 Bg7 5. Bg2 O-O 6. Nge2 Nbd7 7. O-O e5 8. d3 a5 9. f4 c6 10. h3 Nc5 11. Be3 Nfd7 12. f5 Rb8 13. a3 Na6 14. g4 Bf6 15. Qd2 Bh4 16. Bh6 Re8 17. Kh2 Nac5 18. Ng1 Nb3 19. Qd1 Nxa1 20. Qxa1 Bg5 21. Bxg5 Qxg5 22. Nf3 Qf4+ 23. Kh1 Nc5 24. Qd1 gxf5 25. gxf5 Kh8 26. b4 axb4 27. axb4 Na6 28. b5 Nc5 29. d4 Nxe4 30. Nxe4 Qxe4 31. dxe5 dxe5 32. Ng5 Qd4 33. Qh5 Bxf5 34. Rxf5 Qd1+ 35. Qxd1 1-0


[Site "https://www.chess.com"]

[Event "Titled Tuesday Blitz November 08 Early 2022"]
[White "Bettalli, Francesco"]
[Black "Tharushi, T H D Niklesha"]
[WhiteFideId "2816453"]
[BlackFideId "9918264"]
[WhiteElo "2216"]
[BlackElo "1596"]
[Result "1-0"]
[Round "04"]
[TimeControl "180+1"]
[Date "2022.11.09"]
[WhiteClock "0:00:48"]
[BlackClock "0:01:22"]

1. d4 Nf6 2. Nc3 e6 3. e4 Bb4 4. e5 Nd5 5. Bd2 Nxc3 6. bxc3 Be7 7. f4 d6 8. Nf3 dxe5 9. fxe5 Nc6 10. Bd3 a6 11. O-O b5 12. a4 b4 13. Qe2 a5 14. Qf2 Ba6 15. Bb5 Qd5 16. c4 Qd7 17. Be3 Bxb5 18. axb5 Nd8 19. Nd2 O-O 20. Ne4 f6 21. exf6 Bxf6 22. Qd2 Nb7 23. Nxf6+ Rxf6 24. Rxf6 gxf6 25. c3 bxc3 26. Qxc3 Nd6 27. Ra4 Nf5 28. Bf2 Rd8 29. Rxa5 Nxd4 30. Bxd4 Qxd4+ 31. Qxd4 Rxd4 32. c5 Rc4 33. c6 Rc5 34. Ra8+ Kf7 35. Rc8 Rxb5 36. Rxc7+ Kg6 37. Rc8 Rc5 38. c7 Kf5 39. Kf2 e5 40. Ke3 e4 41. g4+ Kxg4 42. Rg8+ Kh3 43. c8=Q+ Rxc8 44. Rxc8 f5 45. Rg8 h5 46. Kf4 h4 47. Kxf5 Kxh2 48. Kxe4 h3 49. Kf3 Kh1 50. Kg3 h2 51. Ra8 Kg1 52. Ra1# 1-0


[Site "https://www.chess.com"]

[Event "Titled Tuesday Blitz November 08 Early 2022"]
[White "Bilan, Danila"]
[Black "Szente Varga, Fruzsina"]
[WhiteFideId "24161918"]
[BlackFideId "712264"]
[WhiteElo "2173"]
[BlackElo "1994"]
[Result "0-1"]
[Round "04"]
[TimeControl "180+1"]
[Date "2022.11.09"]
[WhiteClock "0:00:02"]
[BlackClock "0:00:29"]

1. d4 Nf6 2. Nf3 g6 3. Bg5 Bg7 4. Nbd2 d5 5. e3 O-O 6. c4 c6 7. Bd3 Bg4 8. h3 Bxf3 9. Nxf3 Nbd7 10. O-O h6 11. Bh4 g5 12. Bg3 Ne4 13. Bh2 f5 14. cxd5 cxd5 15. Qb3 Nb6 16. Ne5 Nd2 17. Qb4 Nxf1 18. Rxf1 e6 19. g4 f4 20. Ng6 Rf7 21. Qd2 Nc4 22. Qe2 fxe3 23. Bxc4 exf2+ 24. Rxf2 Rxf2 25. Qxe6+ Rf7 26. Bxd5 Bxd4+ 27. Kg2 Qf6 28. Ne7+ Kf8 29. Ng6+ Kg7 30. Qxf7+ Qxf7 31. Bxf7 Kxf7 32. Ne5+ Ke6 33. Nc4 Rc8 34. b3 b5 0-1


[Site "https://www.chess.com"]

[Event "Titled Tuesday Blitz November 08 Early 2022"]
[White "Bodnaruk, Anastasia"]
[Black "Kosakowski, Jakub"]
[WhiteFideId "4181751"]
[BlackFideId "1185080"]
[WhiteElo "2579"]
[BlackElo "2841"]
[Result "0-1"]
[Round "04"]
[TimeControl "180+1"]
[Date "2022.11.09"]
[WhiteClock "0:00:56"]
[BlackClock "0:01:02"]

1. e4 e5 2. Nf3 Nf6 3. Nxe5 d6 4. Nf3 Nxe4 5. Nc3 Nxc3 6. dxc3 Be7 7. Bf4 Nd7 8. Qd2 O-O 9. O-O-O Nf6 10. c4 Be6 11. Bd3 d5 12. cxd5 Qxd5 13. b3 Qc5 14. c4 Rfd8 15. Qc2 h6 16. Rhe1 a5 17. a4 Ng4 18. Re2 Bf6 19. Kb1 Rxd3 20. Rxd3 Bf5 21. Bc1 Nxf2 22. Rxf2 Bxd3 23. Qxd3 Qxf2 24. g4 Rd8 25. Qf5 Qe2 0-1


[Site "https://www.chess.com"]

[Event "Titled Tuesday Blitz November 08 Early 2022"]
[White "Bon, Michael"]
[Black "Csonka, Balazs"]
[WhiteFideId "620696"]
[BlackFideId "742910"]
[WhiteElo "2317"]
[BlackElo "2404"]
[Result "0-1"]
[Round "04"]
[TimeControl "180+1"]
[Date "2022.11.09"]
[WhiteClock "0:00:02"]
[BlackClock "0:00:05"]

1. e4 c6 2. d4 d5 3. Nc3 dxe4 4. Nxe4 Bf5 5. Ng3 Bg6 6. Nh3 e6 7. Nf4 Bd6 8. h4 Qc7 9. Nxg6 hxg6 10. Ne4 Bf4 11. Bxf4 Qxf4 12. Ng5 Nd7 13. g3 Qd6 14. Bh3 Ngf6 15. O-O Nh7 16. Ne4 Qe7 17. c4 Rd8 18. c5 O-O 19. Qa4 Ndf6 20. Nd6 Ne8 21. Ne4 a6 22. Rad1 g5 23. hxg5 Nxg5 24. Bg2 Nxe4 25. Bxe4 Qg5 26. Qb3 Nf6 27. Bg2 Rd7 28. Qe3 Qh5 29. Bf3 Qh3 30. Bg2 Qh8 31. Rfe1 Rfd8 32. f3 Qh5 33. Kf2 Qg6 34. Rd2 Nd5 35. Qe4 Qf6 36. Rh1 g6 37. Qg4 Ne7 38. Rhd1 Nf5 39. Qe4 Rxd4 40. Rxd4 Rxd4 41. Re1 Rxe4 42. fxe4 Qxb2+ 0-1


[Site "https://www.chess.com"]